3L
WIZARDING EXPRESS @ CAPITAL DISTRICT RED KNIGHTS
08/08/2024
 
TOP OF THE 1ST
Wizarding Express batting - Pitching for Capital District Red Knights : LHP Phil Frost
Pitching: LHP Phil Frost
Batting: RHB António Martínez 0-0: Ball
1-0: Ball
2-0: Foul Ball, location: 2F
2-1: Ball
3-1: Base on Balls
Batting: RHB Tenshin Ichikawa 0-0: Called Strike
0-1: Ball
1-1: Ball
2-1: Foul Ball, location: 2F
2-2: Ball
3-2: SINGLE (Flyball, 9S)
António Martínez to second
António Martínez to third
Batting: RHB Cole Shaffer 0-0: Ball
1-0: Swinging Strike
1-1: Swinging Strike
1-2: Ball
2-2: Fly out, F2 (Popup, 2RF)
Batting: LHB Nathan Tanner 0-0: Ball
1-0: SINGLE (Flyball, 8RS)
António Martínez scores
Tenshin Ichikawa to second
Batting: RHB Rafael Arredondo 0-0: Fly out, F2 (Popup, 2RF)
Batting: RHB Carlos Ortega 0-0: Ball
1-0: Ball
2-0: Ground out 4-3 (Groundball, 34)
Top of the 1st over - 1 run(s), 2 hit(s), 0 error(s), 2 left on base; Wizarding 1 - Capital District 0
BOTTOM OF THE 1ST
Capital District Red Knights batting - Pitching for Wizarding Express : RHP Roberto De La Cruz
Pitching: RHP Roberto De La Cruz
Batting: LHB Arturo Hernández 0-0: Ball
1-0: Ball
2-0: Ball
3-0: Base on Balls
Batting: RHB Mark Field 0-0: Ball
Arturo Hernández steals 2nd base
1-0: Ball
2-0: Called Strike
2-1: Ball
3-1: Ground out 5-3 (Groundball, 5L)
Batting: LHB Leonardo López 0-0: Ball
1-0: Foul Ball, location: 2F
1-1: Ball
2-1: Ball
3-1: Called Strike
3-2: Strikes out swinging
Batting: SHB Bernardo Hernández 0-0: Called Strike
0-1: Ball
1-1: Ball
2-1: Ball
3-1: Called Strike
3-2: SINGLE (Groundball, 6MD)
Arturo Hernández to third
Arturo Hernández scores
Batting: RHB Danilo Mosca 0-0: Ball
1-0: Fly out, F9 (Line Drive, 9M)
Bottom of the 1st over - 1 run(s), 1 hit(s), 0 error(s), 1 left on base; Wizarding 1 - Capital District 1
TOP OF THE 2ND
Wizarding Express batting - Pitching for Capital District Red Knights : LHP Phil Frost
Batting: LHB Chris Thurman 0-0: Ball
1-0: Called Strike
1-1: Foul Ball, location: 2F
1-2: SINGLE (Line Drive, 9S)
Batting: LHB Rick Watson 0-0: Ball
1-0: Called Strike
1-1: Reached on error, E4 (Groundball, 13)
Chris Thurman to second
Batting: SHB Eugene Parrish 0-0: Called Strike
0-1: Ball
1-1: Ball
2-1: Foul Ball, location: 2F
2-2: Foul Ball, location: 2F
2-2: Foul Ball, location: 2F
2-2: Ball
3-2: Fly out, F4 (Popup, 4D)
Batting: RHB António Martínez 0-0: Ball
1-0: Called Strike
1-1: Fielders Choice at 2nd, 1-6 (Groundball, 13S)
Chris Thurman to third
Batting: RHB Tenshin Ichikawa 0-0: Fly out, F8 (Flyball, 8RM)
Top of the 2nd over - 0 run(s), 1 hit(s), 1 error(s), 2 left on base; Wizarding 1 - Capital District 1
BOTTOM OF THE 2ND
Capital District Red Knights batting - Pitching for Wizarding Express : RHP Roberto De La Cruz
Batting: RHB Jason Weston 0-0: Foul Ball, location: 2F
0-1: Reached on Error, E4 (Popup, 34)
Batting: RHB Iván Miranda 0-0: Foul Ball, location: 2F
0-1: Foul Ball, location: 2F
0-2: Ball
1-2: Ball
2-2: Fly out, F7 (Line Drive, 7M)
Batting: RHB Chang-bum Pak 0-0: Ground out 6-3 (Groundball, 6)
Jason Weston to second
Batting: LHB Roberto Marino 0-0: DOUBLE (Flyball, 8LM)
Jason Weston scores
Batting: LHB Arturo Hernández 0-0: Ball
1-0: Ball
2-0: Ball
3-0: Hit by Pitch
Pinch Runner at 1st Manny Carbajal:
Batting: RHB Mark Field 0-0: Ball
1-0: Ground out 1-3 (Groundball, 13)
Bottom of the 2nd over - 1 run(s), 1 hit(s), 1 error(s), 2 left on base; Wizarding 1 - Capital District 2
TOP OF THE 3RD
Wizarding Express batting - Pitching for Capital District Red Knights : LHP Phil Frost
Now in CF: Manny Carbajal
Batting: RHB Cole Shaffer 0-0: Called Strike
0-1: Foul Ball, location: 2F
0-2: Ball
1-2: Ball
2-2: Fly out, F9 (Popup, 34D)
Batting: LHB Nathan Tanner 0-0: Ball
1-0: SINGLE (Groundball, 4M)
Batting: RHB Rafael Arredondo 0-0: Ball
Nathan Tanner steals 2nd base
1-0: Ball
2-0: Ball
Nathan Tanner steals 3rd base
3-0: Base on Balls
Batting: RHB Carlos Ortega 0-0: SINGLE (Groundball, 6MD)
Nathan Tanner scores
Rafael Arredondo to second
Runner from 2nd tries for 3rd, OUT!
Carlos Ortega to second
Batting: LHB Chris Thurman 0-0: Called Strike
0-1: Called Strike
0-2: Ball
1-2: Ball
2-2: Ball
3-2: Base on Balls
Batting: LHB Rick Watson 0-0: Swinging Strike
0-1: Ball
1-1: Ball
2-1: Fly out, F8 (Flyball, 8LS)
Top of the 3rd over - 1 run(s), 2 hit(s), 0 error(s), 2 left on base; Wizarding 2 - Capital District 2
BOTTOM OF THE 3RD
Capital District Red Knights batting - Pitching for Wizarding Express : RHP Roberto De La Cruz
Batting: LHB Leonardo López 0-0: Fly out, F7 (Flyball, 78S)
Batting: SHB Bernardo Hernández 0-0: Called Strike
0-1: Swinging Strike
0-2: Foul Ball, location: 2F
0-2: Foul Ball, location: 2F
0-2: Ball
1-2: Ground out 4-3 (Groundball, 34)
Batting: RHB Danilo Mosca 0-0: Called Strike
0-1: Ball
1-1: Ball
2-1: Called Strike
2-2: Strikes out looking
Bottom of the 3rd over - 0 run(s), 0 hit(s), 0 error(s), 0 left on base; Wizarding 2 - Capital District 2
TOP OF THE 4TH
Wizarding Express batting - Pitching for Capital District Red Knights : LHP Phil Frost
Batting: SHB Eugene Parrish 0-0: Ball
1-0: Foul Ball, location: 2F
1-1: Ball
2-1: Called Strike
2-2: Reached on error, E5 (Groundball, 5L)
Batting: RHB António Martínez 0-0: DOUBLE (Line Drive, 7LS)
Eugene Parrish scores
Batting: RHB Tenshin Ichikawa 0-0: Ball
1-0: Foul Ball, location: 2F
1-1: Foul Ball, location: 2F
1-2: Ball
2-2: SINGLE (Flyball, 89S)
António Martínez to third
Runner from 3rd tries for Home, SAFE, no throw or cutoff
Batting: RHB Cole Shaffer 0-0: Called Strike
0-1: Ball
1-1: SINGLE (Line Drive, 56)
Tenshin Ichikawa to second
Batting: LHB Nathan Tanner 0-0: SINGLE (Line Drive, 5D)
Tenshin Ichikawa to third
Cole Shaffer to second
Batting: RHB Rafael Arredondo 0-0: Ball
1-0: Fly out, F7 (Flyball, 7S)
Batting: RHB Carlos Ortega 0-0: Ball
1-0: Swinging Strike
1-1: Ball
2-1: Called Strike
2-2: Strikes out swinging
Batting: LHB Chris Thurman 0-0: Ball
1-0: Foul Ball, location: 2F
1-1: Fly out, F9 (Flyball, 89D)
Top of the 4th over - 2 run(s), 4 hit(s), 1 error(s), 3 left on base; Wizarding 4 - Capital District 2
BOTTOM OF THE 4TH
Capital District Red Knights batting - Pitching for Wizarding Express : RHP Roberto De La Cruz
Batting: RHB Jason Weston 0-0: Ball
1-0: Ball
2-0: Fly out, F8 (Flyball, 8RS)
Batting: RHB Iván Miranda 0-0: Ground out 2-3 (Groundball, 2L)
Batting: RHB Chang-bum Pak 0-0: Ball
1-0: Ball
2-0: Called Strike
2-1: Ground out 6-3 (Groundball, 6M)
Bottom of the 4th over - 0 run(s), 0 hit(s), 0 error(s), 0 left on base; Wizarding 4 - Capital District 2
TOP OF THE 5TH
Wizarding Express batting - Pitching for Capital District Red Knights : LHP Phil Frost
Pitching: RHP Jeff Mayer
Batting: LHB Rick Watson 0-0: Foul Ball, location: 2F
0-1: Ball
1-1: Foul Ball, location: 2F
1-2: Ball
2-2: Fly out, F8 (Flyball, 8RD)
Batting: SHB Eugene Parrish 0-0: Called Strike
0-1: Foul Ball, location: 2F
0-2: Ball
1-2: Strikes out swinging
Batting: RHB António Martínez 0-0: Called Strike
0-1: Ball
1-1: Foul Ball, location: 2F
1-2: Ball
2-2: Ball
3-2: Base on Balls
Batting: RHB Tenshin Ichikawa 0-0: Ball
António Martínez steals 2nd base
1-0: Called Strike
1-1: Swinging Strike
1-2: Fly out, F7 (Line Drive, 7M)
Top of the 5th over - 0 run(s), 0 hit(s), 0 error(s), 1 left on base; Wizarding 4 - Capital District 2
BOTTOM OF THE 5TH
Capital District Red Knights batting - Pitching for Wizarding Express : RHP Roberto De La Cruz
Batting: LHB Roberto Marino 0-0: Ball
1-0: Ball
2-0: Ball
3-0: Called Strike
3-1: Called Strike
3-2: Strikes out looking
Batting: RHB Manny Carbajal 0-0: Called Strike
0-1: Swinging Strike
0-2: Fly out, F5 (Popup, 25F)
Batting: RHB Mark Field 0-0: Ball
1-0: SINGLE (Line Drive, 56)
Batting: LHB Leonardo López 0-0: Called Strike
0-1: Fly out, F8 (Popup, 6MD)
Bottom of the 5th over - 0 run(s), 1 hit(s), 0 error(s), 1 left on base; Wizarding 4 - Capital District 2
TOP OF THE 6TH
Wizarding Express batting - Pitching for Capital District Red Knights : RHP Jeff Mayer
Batting: RHB Cole Shaffer 0-0: Foul Ball, location: 2F
0-1: Called Strike
0-2: Foul Ball, location: 2F
0-2: Strikes out swinging
Batting: LHB Nathan Tanner 0-0: Fly out, F7 (Line Drive, 7S)
Batting: RHB Rafael Arredondo 0-0: Ball
1-0: Ground out 6-3 (Groundball, 6M)
Top of the 6th over - 0 run(s), 0 hit(s), 0 error(s), 0 left on base; Wizarding 4 - Capital District 2
BOTTOM OF THE 6TH
Capital District Red Knights batting - Pitching for Wizarding Express : RHP Roberto De La Cruz
Batting: SHB Bernardo Hernández 0-0: Ball
1-0: Ground out 6-3 (Groundball, 6)
Batting: RHB Danilo Mosca 0-0: Ball
1-0: Ball
2-0: Called Strike
2-1: Ground out 6-3 (Groundball, 6)
Batting: RHB Jason Weston 0-0: Ball
1-0: Swinging Strike
1-1: Called Strike
1-2: SINGLE (Groundball, 34)
Batting: RHB Iván Miranda 0-0: Called Strike
0-1: Called Strike
0-2: Ball
1-2: Strikes out swinging
Bottom of the 6th over - 0 run(s), 1 hit(s), 0 error(s), 1 left on base; Wizarding 4 - Capital District 2
TOP OF THE 7TH
Wizarding Express batting - Pitching for Capital District Red Knights : RHP Jeff Mayer
Batting: RHB Carlos Ortega 0-0: Foul Ball, location: 2F
0-1: Ball
1-1: Ball
2-1: Called Strike
2-2: Ball
3-2: Base on Balls
Batting: LHB Chris Thurman 0-0: Ball
1-0: Ball
2-0: Bunt missed!
2-1: Bunted foul
2-2: Foul Ball, location: 2F
2-2: Foul Ball, location: 2F
2-2: Ball
3-2: Foul Ball, location: 2F
3-2: SINGLE (Groundball, 34D)
Carlos Ortega to second
Carlos Ortega to third
Batting: LHB Rick Watson 0-0: Ball
1-0: Ground out 4-3 (Groundball, 34)
Chris Thurman to second
Pinch Hitting: LHB Kyung-chor Pang 0-0: Called Strike
0-1: Ball
1-1: Ball
2-1: SINGLE (Line Drive, 5D)
Carlos Ortega scores
Chris Thurman to third
Runner from 3rd tries for Home, throw and OUT!
Kyung-chor Pang to second
Batting: RHB António Martínez 0-0: Swinging Strike
0-1: Foul Ball, location: 2F
0-2: TRIPLE (Line Drive, 7LS)
Kyung-chor Pang scores
Batting: RHB Tenshin Ichikawa 0-0: Ball
1-0: Ground out 4-3 (Groundball, 13)
Top of the 7th over - 2 run(s), 3 hit(s), 0 error(s), 1 left on base; Wizarding 6 - Capital District 2
BOTTOM OF THE 7TH
Capital District Red Knights batting - Pitching for Wizarding Express : RHP Roberto De La Cruz
Now at SS: Michael Montgomery
Batting: RHB Chang-bum Pak 0-0: Called Strike
0-1: Ball
1-1: Foul Ball, location: 2F
1-2: Ball
2-2: Foul Ball, location: 2F
2-2: Foul Ball, location: 2F
2-2: Strikes out looking
Batting: LHB Roberto Marino 0-0: Ball
1-0: Ball
2-0: Fly out, F5 (Popup, 25F)
Batting: RHB Manny Carbajal 0-0: Ball
1-0: Ball
2-0: Called Strike
2-1: Ball
3-1: Foul Ball, location: 2F
3-2: Base on Balls
Pitching: RHP Toshiro Saikawa
Batting: RHB Mark Field 0-0: Ball
1-0: Called Strike
1-1: Called Strike
1-2: SINGLE (Line Drive, 6M)
Manny Carbajal to second
Batting: LHB Leonardo López 0-0: Ball
1-0: Ball
2-0: Foul Ball, location: 2F
2-1: Ball
3-1: Called Strike
3-2: Ground out 4-3 (Groundball, 4)
Bottom of the 7th over - 0 run(s), 1 hit(s), 0 error(s), 2 left on base; Wizarding 6 - Capital District 2
TOP OF THE 8TH
Wizarding Express batting - Pitching for Capital District Red Knights : RHP Jeff Mayer
Batting: RHB Cole Shaffer 0-0: Ball
1-0: Swinging Strike
1-1: Ball
2-1: Swinging Strike
2-2: SOLO HOME RUN (Flyball, 8LXD), Distance : 433 ft
Pitching: RHP Richard Brown
Batting: LHB Nathan Tanner 0-0: Ball
1-0: Ball
2-0: Called Strike
2-1: Ball
3-1: Foul Ball, location: 2F
3-2: Foul Ball, location: 2F
3-2: Strikes out looking
Pitching: RHP Roberto Bernard
Batting: RHB Rafael Arredondo 0-0: Foul Ball, location: 2F
0-1: Ball
1-1: Foul Ball, location: 2F
1-2: Foul Ball, location: 2F
1-2: Ball
2-2: Strikes out swinging
Batting: RHB Carlos Ortega 0-0: Called Strike
0-1: Foul Ball, location: 2F
0-2: Ball
1-2: DOUBLE (Groundball, 5L)
Batting: LHB Chris Thurman 0-0: Ball
1-0: Ball
2-0: Ball
3-0: Called Strike
3-1: Base on Balls
Batting: LHB Rick Watson 0-0: Ball
1-0: SINGLE (Groundball, 13) (infield hit)
Carlos Ortega to third
Chris Thurman to second
Batting: RHB Michael Montgomery 0-0: Called Strike
0-1: Swinging Strike
0-2: Ball
1-2: Ground out 5-3 (Groundball, 56)
Top of the 8th over - 1 run(s), 3 hit(s), 0 error(s), 3 left on base; Wizarding 7 - Capital District 2
BOTTOM OF THE 8TH
Capital District Red Knights batting - Pitching for Wizarding Express : RHP Toshiro Saikawa
Batting: SHB Bernardo Hernández 0-0: Foul Ball, location: 2F
0-1: Ball
1-1: Foul Ball, location: 2F
1-2: Foul Ball, location: 2F
1-2: Ball
2-2: Foul Ball, location: 2F
2-2: Foul Ball, location: 2F
2-2: Fly out, F9 (Line Drive, 9LD)
Batting: RHB Danilo Mosca 0-0: Ball
1-0: Ground out 6-3 (Groundball, 6D)
Batting: RHB Jason Weston 0-0: SINGLE (Groundball, 56D)
Batting: RHB Iván Miranda 0-0: Foul Ball, location: 2F
0-1: Called Strike
0-2: Foul Ball, location: 2F
0-2: Foul Ball, location: 2F
0-2: Strikes out looking
Bottom of the 8th over - 0 run(s), 1 hit(s), 0 error(s), 1 left on base; Wizarding 7 - Capital District 2
TOP OF THE 9TH
Wizarding Express batting - Pitching for Capital District Red Knights : RHP Roberto Bernard
Batting: RHB António Martínez 0-0: Ball
1-0: Ball
2-0: Ball
3-0: Base on Balls
Batting: RHB Tenshin Ichikawa 0-0: Ball
António Martínez steals 2nd base
1-0: Foul Ball, location: 2F
1-1: Bunt - Flyout! F2
Batting: RHB Cole Shaffer 0-0: Called Strike
0-1: Ball
1-1: Called Strike
1-2: Fly out, F8 (Flyball, 89D)
Runner from 2nd tags up, SAFE at 3rd, no throw
Batting: LHB Nathan Tanner 0-0: Foul Ball, location: 2F
0-1: Foul Ball, location: 2F
0-2: Ball
1-2: DOUBLE (Flyball, 7LM)
António Martínez scores
Batting: RHB Rafael Arredondo 0-0: Foul Ball, location: 2F
0-1: Ground out 1-3 (Groundball, 15)
Top of the 9th over - 1 run(s), 1 hit(s), 0 error(s), 1 left on base; Wizarding 8 - Capital District 2
BOTTOM OF THE 9TH
Capital District Red Knights batting - Pitching for Wizarding Express : RHP Toshiro Saikawa
Batting: RHB Chang-bum Pak 0-0: Ball
1-0: Foul Ball, location: 2F
1-1: Fly out, F7 (Flyball, 7LM)
Batting: LHB Roberto Marino 0-0: Swinging Strike
0-1: Swinging Strike
0-2: Ball
1-2: Foul Ball, location: 2F
1-2: Strikes out swinging
Batting: RHB Manny Carbajal 0-0: Ball
1-0: Ball
2-0: Foul Ball, location: 2F
2-1: Foul Ball, location: 2F
2-2: Ground out 1-3 (Groundball, 3S)
Bottom of the 9th over - 0 run(s), 0 hit(s), 0 error(s), 0 left on base; Wizarding 8 - Capital District 2
This league is powered by Out of the Park Baseball, the baseball management simulation game for PC, Mac and Linux
Monday, October 3rd, 2016 - OOTP Baseball 16.9 Build 39